 Dungeon Crawl Stone Soup version 0.16.1-5-gaa23807 (webtiles) character file.

211103 siprus the Unseen (level 17, -1/86 HPs)
             Began as a Spriggan Enchanter on Mar 28, 2015.
             Was the Champion of Ashenzari.
             Slain by an acid blob (22 damage)
             ... on level 6 of the Pits of Slime on Mar 29, 2015.
             The game lasted 03:52:53 (38078 turns).

siprus the Unseen (Spriggan Enchanter)             Turns: 38078, Time: 03:52:53

Health: -1/86      AC:  1    Str:  8    XL:     17   Next: 73%
Magic:  41/41      EV: 27    Int: 22    God:    Ashenzari [******]
Gold:   1301       SH:  9    Dex: 13    Spells: 9 memorised, 14 levels left

rFire  + + +     SeeInvis +     R - +11 rapier "Ycwykhenas" {pierce, rF+ rC+ Str-3 Dex-5 Stlth+} (curse)
rCold  + + .     Clarity  +     t - +6 mottled dragon armour (curse)
rNeg   . . .     SustAb   .     O - +1 buckler {rF+} (curse)
rPois  +         Gourm    .     i - +1 hat (curse)
rElec  +         Spirit   .     g - +1 cloak (curse)
rCorr  +         Warding  .     (gloves unavailable)
rMut   .         Stasis   .     (boots unavailable)
MR     ++...                    U - amulet of inaccuracy (curse)
Stlth  +++++++++.               F - ring of protection from fire
                                z - ring of poison resistance (curse)

@: mighty, resistant, corroded equipment, very quick, very resistant to hostile
enchantments, incredibly stealthy
A: unfitting armour, see invisible, clever 1, herbivore 3, speed 3, slow
metabolism 2
a: Scrying, Transfer Knowledge, Renounce Religion
}: 2/15 runes: decaying, gossamer


You were on level 6 of the Pits of Slime.
You worshipped Ashenzari.
Ashenzari was exalted by your worship.
You were very full.

You visited 7 branches of the dungeon, and saw 42 of its levels.
You also visited: Ice Cave.

You collected 4017 gold pieces.
You spent 2716 gold pieces at shops.

Inventory:

Hand weapons
 R - the cursed +11 rapier "Ycwykhenas" (weapon) {pierce, rF+ rC+ Str-3 Dex-5 Stlth+}
   (You found it on level 8 of the Dungeon)

   It inflicts extra damage upon your enemies.
   It affects your strength (-3).
   It affects your dexterity (-5).
   It protects you from fire.
   It protects you from cold.
   It makes you more stealthy.
   It has a curse placed upon it.
 S - a +2 rapier of electrocution
Armour
 b - a +1 cloak of cold resistance
 g - a cursed +1 cloak (worn)
 i - a cursed +1 hat (worn)
 p - a swamp dragon hide
 t - a cursed +6 mottled dragon armour (worn)
 O - a cursed +1 buckler of fire resistance (worn)
Jewellery
 y - an uncursed amulet of faith
 z - a cursed ring of poison resistance (left hand)
 F - a ring of protection from fire (right hand)
 J - an uncursed ring of protection from fire
 M - an uncursed ring of protection from cold
 U - a cursed amulet of inaccuracy (around neck)
Magical devices
 a - a wand of teleportation (5)
 k - a wand of teleportation (5)
 n - a wand of cold (8)
 L - a wand of fire (5)
 N - a wand of digging (3)
 T - a wand of draining (7)
Scrolls
 f - 4 scrolls of teleportation
 h - 2 scrolls of enchant armour
 l - 5 scrolls of identify
 m - 7 scrolls of enchant weapon
 o - a scroll of brand weapon
 v - 6 scrolls of recharging
 A - 5 scrolls of magic mapping
 B - a scroll of fog
 C - a scroll of summoning
 E - 2 scrolls of immolation
 Q - a scroll of amnesia
 V - a scroll of curse weapon
 W - 12 scrolls of remove curse
Potions
 j - 8 potions of restore abilities
 s - 2 potions of cancellation
 u - 2 potions of resistance
 x - 2 potions of curing
 G - 3 potions of brilliance
 H - 3 potions of magic
 K - 2 potions of haste
 Y - 3 potions of agility
 Z - 2 potions of might
Books
 c - a book of Maledictions

   Spells                             Type                      Level
   a - Corona                         Hexes                        1
   b - Sure Blade                     Hexes/Charms                 2
   c - Ensorcelled Hibernation        Hexes/Ice                    2
   d - Confuse                        Hexes                        3
   e - Dazzling Spray                 Conjuration/Hexes            3
   f - Enslavement                    Hexes                        4
 w - a book of Conjurations

   Spells                             Type                      Level
   a - Magic Dart                     Conjuration                  1
   b - Searing Ray                    Conjuration                  2
   c - Dazzling Spray                 Conjuration/Hexes            3
   d - Fulminant Prism                Conjuration/Hexes            4
   e - Iskenderun's Mystic Blast      Conjuration                  4
   f - Iskenderun's Battlesphere      Conjuration/Charms           5
 D - a book of Ice

   Spells                             Type                      Level
   a - Ice Form                       Ice/Transmutation            4
   b - Metabolic Englaciation         Hexes/Ice                    5
   c - Ozocubu's Refrigeration        Ice                          6
   d - Bolt of Cold                   Conjuration/Ice              6
   e - Freezing Cloud                 Conjuration/Ice/Air          6
   f - Simulacrum                     Ice/Necromancy               6
 P - a Fen Folio

   Spells                             Type                      Level
   a - Corpse Rot                     Necromancy                   2
   b - Stone Arrow                    Conjuration/Earth            3
   c - Leda's Liquefaction            Hexes/Earth                  4
   d - Summon Forest                  Summoning/Translocation      5
   e - Hydra Form                     Transmutation                6
   f - Summon Hydra                   Summoning                    7
Miscellaneous
 X - a lamp of fire
Comestibles
 d - 15 bread rations


   Skills:
 + Level 8.8 Fighting
 + Level 11.1(15.3) Short Blades
 + Level 4.1 Armour
 + Level 14.7(18.7) Dodging
 * Level 19.1(22.7) Stealth
 * Level 6.0(9.1) Shields
 * Level 16.8 Spellcasting
 * Level 17.7(20.0) Hexes
 + Level 4.4(7.3) Summonings
 + Level 9.2(12.1) Translocations


You had 14 spell levels left.
You knew the following spells:

 Your Spells              Type           Power        Failure   Level  Hunger
a - Flight                Chrm/Air       ###.......   14%         3    None
b - Ensorcelled Hibernat  Hex/Ice        ######       1%          2    None
c - Confuse               Hex            #######.     0%          3    None
d - Dazzling Spray        Conj/Hex       ######..     1%          3    None
e - Apportation           Tloc           ######....   1%          1    None
f - Mass Confusion        Hex            #######...   1%          6    ####...
g - Darkness              Hex            #######...   1%          7    ######.
h - Metabolic Englaciati  Hex/Ice        ######....   2%          5    ##.....
i - Summon Forest         Summ/Tloc      ######....   2%          5    ##.....


Dungeon Overview and Level Annotations

Branches:
Dungeon (13/15)            Temple (1/1) D:5            Lair (8/8) D:10
  Swamp (5/5) Lair:4       Spider (5/5) Lair:6        Slime (6/6) Lair:7
    Orc (4/4) D:10            Elf (0/3) Orc:4
 Vaults: D:13-14

Altars:
Ashenzari
Cheibriados
Dithmenos
Elyvilon
Fedhas
Gozag
Kikubaaqudgha
Makhleb
Nemelex Xobeh
Okawaru
Qazlal
Ru
Sif Muna
Trog
Vehumet
Xom
Yredelemnul
Zin
The Shining One
Jiyva

Shops:
D:5 ??([   D:6 *   Orc:1 :   Orc:2 %   Orc:4 [*:*?

Annotations:
Swamp:4 exclusion: 2 ice statues, Mara, Norris


Innate Abilities, Weirdness & Mutations

You are tiny and cannot use many weapons and most armour.
You have supernaturally acute eyesight.
You are a herbivore.
You cover ground extremely quickly.
You need consume almost no food.
Your mind is acute. (Int +2)


Message History

The death ooze barely misses you. The death ooze completely misses you.
You hit the death ooze!
The death ooze is severely damaged.
The acid blob hits you!
* * * LOW HITPOINT WARNING * * *
You are splashed with acid!
The acid burns!
You resist.
* * * LOW HITPOINT WARNING * * *
You hit the death ooze.
The death ooze is severely damaged.
The death ooze closely misses you. You block the death ooze's attack.
You feel better. The acid blob hits you.
You are splashed with acid!
The acid corrodes your equipment!
The acid burns!
You resist. The death ooze misses you. The death ooze hits you!!
* * * LOW HITPOINT WARNING * * *
You feel better. The acid blob completely misses you.
You block the death ooze's attack. x2
The acid blob barely misses you.
You feel better. You block the death ooze's attack.
You block the death ooze's attack. The acid blob hits you!!
You die...

,,, ,,, #[?#}##.#)#$$## , ,,,, ,
, ,,, **######..####### , , .. ,
, , ,#...#....#...#. ,,, ,,
...,,,, ...#........#...#, , ,
.... , #######..########* ,,,
........ ##$(#|##.#[#[}### ,, ,
.......###?$[)##..##/)$)#*, ,,,
........##[=:)[#J##?)(=[## ,, ,
.........##):%##@.##$:)##.,,, ,,,
.........###/}$##J#[)"##.. ,,,,
...........##[##=.##%##... , ,,
...........#####.#####....., ,,
..............##.###.#...... ,,
.............................., ,
............................... ,
.....J.......................J..,
.................................


You could see an acid blob and a death ooze.

Vanquished Creatures
  the royal jelly (Slime:6)
  Saint Roka (Orc:4)
  Arachne (Spider:3)
  Nikola (Spider:1)
  9 acid blobs
  Rupert (Lair:7)
  8 azure jellies
  Donald (Spider:2)
  8 emperor scorpions
  4 ghost moths
  Jorgrun (Spider:5)
  A blizzard demon (IceCv)
  Snorg (Lair:6)
  4 great orbs of eyes
  4 death oozes (Slime:6)
  A fire dragon (Lair:8)
  Fannar (Lair:1)
  Harold (Lair:1)
  Nessos (Spider:2)
  16 hydras
  Erica (D:12)
  A centaur warrior (D:13)
  2 tengu warriors
  2 orc high priests
  2 alligators
  2 death yaks (Lair:7)
  2 spriggans
  Urug (D:10)
  Nergalle (Orc:2)
  3 ice devils (IceCv)
  The ghost of Rayvis the Cleaver, an experienced DsFi of Gozag (D:9)
  2 spriggan druids (Swamp:5)
  5 swamp dragons (Swamp:5)
  An unseen horror (D:11)
  An orc knight (Orc:2)
  5 hill giants
  20 orb spiders
  5 orc sorcerers (Orc:4)
  A hornet (Spider:4)
  An oklob plant (Lair:7)
  2 ugly things
  A cyclops (D:11)
  21 wolf spiders
  10 elephants
  A gargoyle (D:13)
  4 black mambas
  3 moths of wrath
  Joseph (D:9)
  An eye of devastation (Slime:6)
  A torpor snail (Lair:7)
  A dryad (Swamp:5)
  17 spiny frogs
  8 komodo dragons
  9 demonic crawlers
  7 anaconda simulacra (IceCv)
  6 fire drakes
  A freezing wraith (IceCv)
  A polar bear (Lair:4)
  A tengu conjurer (D:13)
  3 trolls
  2 two-headed ogres
  3 giant leeches
  Grinder (D:4)
  Prince Ribbit (D:7)
  6 ravens
  2 bog bodies
  30 slime creatures
  34 jumping spiders
  7 blink frogs
  18 trapdoor spiders
  2 wyverns
  43 redbacks
  A dire elephant simulacrum (IceCv)
  2 basilisks (Lair:8)
  2 shadows
  2 steam dragons (Lair:8)
  A hungry ghost (D:9)
  Eustachio (D:5)
  A vampire mosquito (Swamp:4)
  4 hippogriffs
  Grum (D:8)
  3 iron troll simulacra (IceCv)
  23 tarantellas
  46 yaks
  2 humans (D:7)
  10 swamp worms
  3 mottled dragons (Lair:8)
  17 wolves
  3 wargs
  12 water moccasins
  4 harpy simulacra (IceCv)
  A hydra simulacrum (IceCv)
  9 porcupines
  A soldier ant (D:13)
  25 orc warriors
  13 spiders
  7 eyes of draining
  A black bear (D:11)
  4 swamp drakes (Swamp:5)
  A black bear (shapeshifter) (D:13)
  15 centaurs
  13 ogres
  3 wasps
  4 necrophages
  3 ice beasts
  3 phantoms
  An ettin simulacrum (IceCv)
  22 crocodiles
  2 boring beetles
  Sigmund (D:7)
  A big kobold (D:7)
  Blork the orc (D:8)
  2 gnoll sergeants (D:8)
  17 giant frogs
  A wyvern skeleton (D:8)
  12 scorpions
  6 wights
  33 killer bees
  2 draconian simulacra (IceCv)
  An electric eel (Spider:4)
  A giant frog zombie (D:12)
  A wasp zombie (D:12)
  3 centaur zombies
  A goliath beetle (D:11)
  2 quasits
  9 iguanas
  8 hounds
  22 jellies
  7 crimson imps
  24 orc priests
  5 centaur skeletons
  3 giant frog skeletons
  A gnoll shaman (Lair:1)
  2 polar bear simulacra (IceCv)
  A wolf simulacrum (IceCv)
  50 orc wizards
  6 troll simulacra (IceCv)
  A spriggan simulacrum (IceCv)
  8 sheep (Lair:8)
  10 worker ants
  3 centaur simulacra (IceCv)
  Ijyb (D:2)
  A hound skeleton (D:4)
  A mummy (D:9)
  7 gnolls (D:8)
  An ogre simulacrum (IceCv)
  3 naga simulacra (IceCv)
  63 river rats
  6 white imps (IceCv)
  19 adders
  3 shadow imps
  3 giant mites
  3 worms
  4 ufetubi (IceCv)
  An adder skeleton (D:9)
  5 orc zombies (Orc:4)
  5 giant geckos
  2 oozes
  143 orcs
  2 ball pythons
  12 bats
  2 bat zombies (D:5)
  10 giant cockroaches
  13 hobgoblins
  14 kobolds
  13 quokkas
  A giant gecko zombie (D:7)
  3 giant newts
  4 giant spores
  17 goblins
  14 jackals
  2 jackal skeletons (D:8)
  11 rats
  11 ballistomycetes
  A fungus (D:8)
1285 creatures vanquished.

Vanquished Creatures (collateral kills)
  2 orb spiders (Spider:5)
  A dryad (Swamp:3)
  2 jumping spiders
  4 redbacks
  A tarantella (Spider:4)
  A shadow (Swamp:3)
  A swamp drake (Swamp:3)
  A spider (Spider:2)
  A giant cockroach (D:11)
14 creatures vanquished.

Vanquished Creatures (others)
  A dryad (Spider:4)
  A tarantella (Spider:5)
  A centaur (D:13)
  An orc priest (Orc:4)
  A worker ant (D:11)
  An orc (Orc:4)
  A giant spore (D:9)
  4 fungi (Swamp:5)
  2 plants
  A snaplasher vine segment (Spider:4)
14 creatures vanquished.

Grand Total: 1313 creatures vanquished

Notes
Turn   | Place    | Note
--------------------------------------------------------------
     0 | D:1      | siprus, the Spriggan Enchanter, began the quest for the Orb.
     0 | D:1      | Reached XP level 1. HP: 9/9 MP: 4/4
   471 | D:1      | Reached XP level 2. HP: 10/13 MP: 7/7
   676 | D:1      | Learned a level 2 spell: Ensorcelled Hibernation
   829 | D:2      | Found an opulent altar of Gozag.
  1041 | D:2      | Reached XP level 3. HP: 12/17 MP: 8/10
  1365 | D:2      | Found a shadowy altar of Dithmenos.
  1396 | D:2      | Noticed Ijyb
  1417 | D:2      | Learned a level 3 spell: Confuse
  1420 | D:2      | Killed Ijyb
  1600 | D:2      | Reached XP level 4. HP: 12/21 MP: 10/13
  2014 | D:2      | Reached skill level 1 in Fighting
  2301 | D:3      | Found an ancient bone altar of Kikubaaqudgha.
  2933 | D:4      | Reached XP level 5. HP: 25/25 MP: 16/18
  3154 | D:4      | Reached skill level 5 in Stealth
  3235 | D:4      | Found a radiant altar of Vehumet.
  3286 | D:4      | Reached skill level 5 in Hexes
  3484 | D:4      | Noticed Grinder
  3496 | D:4      | Paralysed by Grinder for 2 turns
  3511 | D:4      | Killed Grinder
  3511 | D:4      | Reached skill level 5 in Dodging
  3511 | D:4      | Reached XP level 6. HP: 30/30 MP: 14/20
  3680 | D:5      | Entered Level 5 of the Dungeon
  3691 | D:5      | Found Haycyangy's Magic Scroll Shop.
  3698 | D:5      | Reached skill level 5 in Spellcasting
  3719 | D:5      | Reached skill level 6 in Hexes
  3719 | D:5      | Reached XP level 7. HP: 15/33 MP: 8/22
  3924 | D:5      | Bought a scroll of identify for 24 gold pieces
  3924 | D:5      | Bought a scroll of remove curse for 36 gold pieces
  3924 | D:5      | Bought a scroll of blinking for 90 gold pieces
  3924 | D:5      | Bought a scroll of teleportation for 36 gold pieces
  4005 | D:5      | Found Zoytitru's Antique Armour Emporium.
  4217 | D:5      | Found Suxeav's Magic Scroll Shop.
  4254 | D:5      | Found a snail-covered altar of Cheibriados.
  4296 | D:5      | Found Fakk's Weapon Shoppe.
  4310 | D:5      | Noticed Eustachio
  4597 | D:5      | Killed Eustachio
  4597 | D:5      | Reached XP level 8. HP: 37/39 MP: 19/25
  4646 | D:5      | Reached skill level 7 in Hexes
  4995 | D:6      | Found Zin's Purification Station.
  4996 | D:6      | Found a glowing silver altar of Zin.
  5497 | D:7      | Found an iron altar of Okawaru.
  5509 | D:7      | Reached skill level 8 in Hexes
  5732 | D:7      | Reached XP level 9. HP: 38/44 MP: 25/28
  5803 | D:7      | Noticed Sigmund
  5830 | D:7      | Killed Sigmund
  6035 | D:7      | Noticed Prince Ribbit
  6039 | D:7      | Killed Prince Ribbit
  6202 | D:7      | Reached skill level 9 in Hexes
  6728 | D:7      | Reached skill level 5 in Short Blades
  7152 | D:8      | Found a blossoming altar of Fedhas.
  7249 | D:8      | Noticed Grum
  7254 | D:8      | Reached XP level 10. HP: 34/49 MP: 27/30
  7281 | D:8      | Killed Grum
  7644 | D:8      | Learned a level 3 spell: Dazzling Spray
  7646 | D:8      | Learned a level 1 spell: Apportation
  7745 | D:8      | Reached skill level 10 in Hexes
  8201 | D:8      | Got a bloodstained rapier
  8202 | D:8      | Identified the +11 rapier "Ycwykhenas" {pierce, rF+ rC+ Str-3 Dex-5 Stlth+} (You found it on level 8 of the Dungeon)
  8348 | D:8      | Noticed Blork the orc
  8355 | D:8      | Killed Blork the orc
  8697 | D:9      | Noticed Joseph
  8704 | D:9      | Killed Joseph
  8704 | D:9      | Reached skill level 10 in Spellcasting
  8822 | D:9      | Noticed Rayvis' ghost (experienced DsFi)
  8845 | D:9      | Killed Rayvis' ghost
  8845 | D:9      | Reached skill level 11 in Hexes
  9114 | D:9      | Found a staircase to the Orcish Mines.
  9204 | D:9      | Reached skill level 10 in Stealth
  9381 | D:10     | Entered Level 10 of the Dungeon
  9433 | D:10     | Reached XP level 11. HP: 38/54 MP: 17/32
  9746 | D:10     | Found a staircase to the Lair.
 10000 | D:10     | Found a staircase to the Orcish Mines.
 10050 | D:10     | Noticed a hill giant
 10063 | D:10     | Killed a hill giant
 10075 | D:10     | Reached skill level 5 in Fighting
 10281 | D:10     | Noticed Urug
 10312 | D:10     | Killed Urug
 10738 | D:10     | Reached skill level 10 in Dodging
 10738 | D:10     | Reached skill level 12 in Hexes
 10785 | D:10     | Noticed a tengu warrior
 10793 | D:10     | Killed a tengu warrior
 11474 | D:5      | Found a staircase to the Ecumenical Temple.
 11482 | Temple   | Entered the Ecumenical Temple
 11816 | Temple   | Became a worshipper of Ashenzari the Shackled
 12223 | D:11     | Identified the ring of Suspected Treachery {-Cast Int+4 Dex+6 Stlth+}
 12297 | D:11     | Noticed a hill giant
 12311 | D:11     | Killed a hill giant
 12367 | D:11     | Upgraded the game from 0.16.1-4-g8e1b745 to 0.16.1-5-gaa23807
 12455 | D:11     | Noticed an unseen horror
 12704 | D:11     | Reached XP level 12. HP: 60/60 MP: 31/34
 12717 | D:11     | Killed an unseen horror
 12768 | Lair:1   | Entered Level 1 of the Lair of Beasts
 12844 | Lair:1   | Noticed Harold
 12861 | Lair:1   | Killed Harold
 12865 | Lair:1   | Noticed a seven-headed hydra
 12884 | Lair:1   | Killed a seven-headed hydra
 13246 | Lair:1   | Noticed Fannar
 13267 | Lair:1   | Killed Fannar
 13267 | Lair:1   | Reached skill level 13 in Hexes
 13706 | Lair:1   | Noticed a six-headed hydra
 13728 | Lair:1   | Killed a six-headed hydra
 14510 | Lair:2   | Reached XP level 13. HP: 63/65 MP: 30/36
 14642 | Lair:3   | Gained mutation: Your mind is acute. (Int +2) [potion of beneficial mutation]
 15052 | Lair:3   | Acquired Ashenzari's first power
 15571 | Lair:5   | Reached skill level 14 in Stealth
 15700 | Lair:4   | Found a staircase to the Swamp.
 16576 | Lair:5   | Acquired Ashenzari's second power
 16777 | Lair:6   | Found a hole to the Spider Nest.
 17081 | Lair:6   | Noticed Snorg
 17089 | Lair:6   | Killed Snorg
 17156 | Lair:6   | Identified the +9 hunting sling of Weps {flame, rF+ Str+4 Int+4 Dex+6} (You found it on level 4 of the Dungeon)
 17214 | Lair:7   | Noticed Rupert
 17722 | Lair:7   | Killed Rupert
 17745 | Lair:7   | Found a staircase to the Slime Pits.
 17747 | Lair:7   | Found a viscous altar of Jiyva.
 17867 | Lair:7   | Found a bloodstained altar of Trog.
 17896 | Lair:7   | Reached skill level 15 in Stealth
 17969 | Lair:7   | Acquired Ashenzari's third power
 18257 | Lair:8   | Entered Level 8 of the Lair of Beasts
 18405 | Lair:8   | Reached XP level 14. HP: 72/72 MP: 38/38
 18631 | Lair:8   | Reached skill level 15 in Hexes
 18888 | Lair:8   | Learned a level 3 spell: Flight
 18934 | Lair:8   | Acquired Ashenzari's fourth power
 19639 | Orc:1    | Entered Level 1 of the Orcish Mines
 19885 | Orc:1    | Found Ramehyho's Book Boutique.
 20055 | Orc:2    | Noticed Nergalle
 20062 | Orc:2    | Killed Nergalle
 20067 | Orc:2    | Reached skill level 1 in Translocations
 20343 | Orc:2    | Found a deep blue altar of Sif Muna.
 20739 | Orc:4    | Entered Level 4 of the Orcish Mines
 21119 | Orc:4    | Found Satsil's General Store.
 21119 | Orc:4    | Found Atzauli's General Store.
 21119 | Orc:4    | Found Throlih's Book Shop.
 21122 | Orc:4    | Found Ligi's Armour Boutique.
 21405 | Orc:4    | Bought a +1 buckler of fire resistance for 280 gold pieces
 21440 | Orc:4    | Noticed Saint Roka
 21488 | Orc:4    | Found a staircase to the Elven Halls.
 21581 | Orc:4    | Found Siur's Magic Scroll Boutique.
 21998 | Orc:4    | Reached skill level 16 in Stealth
 22514 | Orc:4    | Killed Saint Roka
 22514 | Orc:4    | Reached skill level 1 in Shields
 22564 | Orc:4    | Identified the +0 shield of the Nexus {rElec} (You found it on level 8 of the Lair of Beasts)
 22564 | Orc:4    | Bought a book of Dreams for 1275 gold pieces
 22571 | Orc:4    | Learned a level 6 spell: Mass Confusion
 22579 | Orc:4    | Learned a level 7 spell: Darkness
 23032 | Orc:2    | Found Joefopt's Food Emporium.
 23404 | D:11     | Learned a level 5 spell: Metabolic Englaciation
 23665 | D:11     | Noticed a hill giant
 23681 | D:11     | Killed a hill giant
 23693 | D:11     | Found a runed door.
 23697 | D:11     | Found a runed door.
 24076 | D:12     | Noticed Erica
 24087 | D:12     | Killed Erica
 24401 | D:12     | Reached skill level 1 in Armour
 24620 | D:12     | Identified the cursed +0 great mace of Forced Transition {venom, rC+ MP-9 Dex+4 Stlth+}
 25520 | D:13     | Reached XP level 15. HP: 46/76 MP: 2/39
 25664 | D:13     | Reached skill level 15 in Spellcasting
 25896 | D:13     | Found a stormy altar of Qazlal.
 26173 | Orc:1    | Bought a Fen Folio for 975 gold pieces
 26179 | Orc:1    | Learned a level 5 spell: Summon Forest
 26346 | Lair:4   | Identified the +1 leather armour of Love and Death {rC- Regen+ Dex+2} (You found it on level 5 of the Lair of Beasts)
 26358 | Lair:5   | Identified the +1 leather armour of Love and Death {rC- Regen+ Dex+2} (You found it on level 5 of the Lair of Beasts)
 26438 | Spider:1 | Entered Level 1 of the Spider Nest
 27012 | Spider:1 | Noticed Nikola
 27150 | Spider:1 | Killed Nikola
 27150 | Spider:1 | Reached skill level 1 in Summonings
 27150 | Spider:1 | Reached skill level 5 in Translocations
 27371 | Spider:2 | Noticed Donald
 27378 | Spider:2 | Killed Donald
 27378 | Spider:2 | Reached skill level 17 in Stealth
 27582 | Spider:2 | Reached skill level 10 in Short Blades
 27939 | Spider:2 | Noticed Nessos
 27946 | Spider:2 | Killed Nessos
 28030 | Spider:3 | Identified the +3 ring mail "Luokavvo" {+Fly rElec rF+ MP-9 Str-5}
 28177 | Spider:3 | Noticed Arachne
 28193 | Spider:3 | Killed Arachne
 29165 | Spider:5 | Entered Level 5 of the Spider Nest
 29208 | Spider:5 | Noticed Jorgrun
 29236 | Spider:5 | HP: 2/77 [Jorgrun/staff of earth (20)]
 29239 | Spider:5 | Killed Jorgrun
 29239 | Spider:5 | Reached XP level 16. HP: 37/81 MP: 30/40
 30890 | Spider:5 | Reached skill level 18 in Stealth
 30931 | Spider:5 | Got a gossamer rune of Zot
 31504 | Spider:4 | Reached skill level 5 in Shields
 31858 | Swamp:1  | Entered Level 1 of the Swamp
 32353 | Swamp:3  | Noticed a tentacled monstrosity
 32678 | Swamp:4  | Noticed Mara
 32711 | Swamp:4  | Noticed Norris
 32747 | Swamp:4  | Noticed siprus' illusion
 32750 | Swamp:4  | Found a frozen archway.
 32755 | IceCv    | Entered an ice cave
 34658 | Swamp:5  | Entered Level 5 of the Swamp
 34946 | Swamp:5  | Reached XP level 17. HP: 43/86 MP: 4/41
 35424 | Swamp:5  | Got a decaying rune of Zot
 35947 | Slime:1  | Entered Level 1 of the Pits of Slime
 37869 | Slime:6  | Entered Level 6 of the Pits of Slime
 37909 | Slime:6  | Found a viscous altar of Jiyva.
 37912 | Slime:6  | Noticed the royal jelly
 37915 | Slime:6  | Killed the royal jelly
 37915 | Slime:6  | Reached skill level 19 in Stealth
 37916 | Slime:6  | Identified the ring "Rypn" {rElec rPois rF+ Str+3 Slay+2}
 37916 | Slime:6  | Identified the +8 glaive "Bahen" {antimagic, Noisy rPois MR+ Dex-2 SInv}
 37916 | Slime:6  | Identified the amulet "Ugaodod" {Ward rC- rN+ MP+9 Int-2 Dex+4 Stlth+}
 38078 | Slime:6  | Slain by an acid blob

Action                   |  1- 3 |  4- 6 |  7- 9 | 10-12 | 13-15 | 16-18 || total
-------------------------+-------+-------+-------+-------+-------+-------++-------
Melee: Whip              |    65 |    24 |       |       |       |       ||    89
       Dagger            |    38 |   147 |   355 |    82 |       |       ||   622
       Rapier            |       |       |       |   395 |  1228 |   558 ||  2181
 Cast: Ensorcelled Hiber |    13 |    25 |    75 |   189 |   371 |   100 ||   773
       Confuse           |     1 |    11 |    41 |    56 |    67 |   100 ||   276
       Dazzling Spray    |       |       |       |    21 |    38 |    39 ||    98
       Mass Confusion    |       |       |       |       |    26 |    43 ||    69
       Flight            |       |       |       |       |    16 |    29 ||    45
       Summon Forest     |       |       |       |       |       |     6 ||     6
       Darkness          |       |       |       |       |       |     1 ||     1
Invok: Scrying           |       |       |       |       |       |     1 ||     1
Evoke: Wand              |       |       |       |       |    18 |    25 ||    43
       Lamp of fire      |       |       |       |       |       |     1 ||     1
  Use: Scroll            |       |       |     2 |    18 |    21 |    24 ||    65
       Potion            |       |       |       |     4 |     5 |    18 ||    27
 Stab: Sleeping          |    15 |    23 |    62 |   157 |   374 |    99 ||   730
       Confused          |       |     7 |    22 |    32 |    81 |    78 ||   220
       Distracted        |       |     1 |       |     2 |     9 |     4 ||    16
       Invisible         |       |       |       |     3 |     1 |     7 ||    11
       Held in net/web   |       |       |       |       |     1 |       ||     1
  Eat: Fruit             |       |     3 |       |       |    13 |    13 ||    29
       Bread ration      |       |     1 |       |       |     1 |     2 ||     4
       Pizza             |       |       |       |     3 |     2 |     2 ||     7
